[Event "Team 45 45 League T70"]
[Site "Internet Chess Club"]
[Date "2016.09.26"]
[Round "3"]
[White "Knight77"]
[Black "passedpawn"]
[Result "1/2-1/2"]
[WhiteElo "1784"]
[BlackElo "1901"]
[Opening "Réti: King's Indian attack (Barcza system)"]
[ECO "A07"]
[Time "18:01:06"]
[TimeControl "2700+45"]

1. Nf3 d5 2. g3 Nf6 3. d3 Bf5 4. Bg2 h6 5. O-O e6 6. Nbd2 Be7 7. e4 dxe4 8. Ne5
c6 9. dxe4 Bh7 10. Qe2 O-O 11. Rd1 Qc7 12. Nd3 Rd8 13. a4 Nbd7 14. Nc4 Nc5 15.
Bf4 Qc8 16. Nxc5 Bxc5 17. h4 Rxd1+ 18. Rxd1 Qe8 19. g4 Rd8 20. Rxd8 Qxd8 21. g5
hxg5 22. Bxg5 Be7 23. h5 Ne8 24. Bf4 Nd6 25. Ne5 Bg5 26. Bg3 f6 27. Ng6 e5 28.
f4 exf4 29. Nxf4 Bxf4 30. Bxf4 Qe7 31. e5 fxe5 32. c3 Nf7 33. h6 Qf6 34. Be3
Nxh6 35. Qc4+ Qf7 36. Qh4 Nf5 37. Qd8+ Qf8 38. Qxf8+ Kxf8 39. Bxa7 Kf7 40. Kf2
Nd6 41. Bb8 Ke6 42. Bf1 Be4 43. Ke3 Bf5 44. b4 Bc2 45. a5 g5 46. c4 Nf5+ 47. Kd2
Be4 48. b5 cxb5 49. cxb5 Nd4 50. a6 bxa6 51. Bh3+ Kd5 52. bxa6 Kc6 53. Bc8 Kb6
54. Bxe5 Nf3+ 55. Ke3 Nxe5 56. Kxe4 Nc6 57. Bb7 Nb8 58. Kf5 Nxa6 59. Bxa6 Kxa6
60. Kxg5 {Game drawn because neither player has mating material} 1/2-1/2

[Event "Team 45 45 League T70"]
[Site "Internet Chess Club"]
[Date "2016.09.23"]
[Round "3"]
[White "spongenotbob"]
[Black "Capt-Morgan"]
[Result "1/2-1/2"]
[WhiteElo "1844"]
[BlackElo "1918"]
[Opening "Grünfeld: exchange variation"]
[ECO "D85"]
[Time "19:00:16"]
[TimeControl "2700+45"]

1. d4 Nf6 2. c4 g6 3. Nc3 d5 4. cxd5 Nxd5 5. e4 Nxc3 6. bxc3 Bg7 7. Be3 c5 8.
Rc1 cxd4 9. cxd4 O-O 10. Nf3 Nc6 11. Be2 Qa5+ 12. Qd2 Qxd2+ 13. Kxd2 Bg4 14. d5
Rfd8 15. Rb1 e6 16. Rxb7 exd5 17. exd5 Rxd5+ 18. Ke1 Rc8 19. h3 Rd7 20. Ba6 Rcd8
21. Rxd7 Bxd7 22. Ke2 Be6 23. Rc1 Nb4 {Game drawn by mutual agreement} 1/2-1/2

[Event "Team 45 45 League T70"]
[Site "Internet Chess Club"]
[Date "2016.09.23"]
[Round "3"]
[White "IshanR"]
[Black "qingjoshua"]
[Result "1-0"]
[WhiteElo "1876"]
[BlackElo "1767"]
[Opening "English: Anglo-Grünfeld defense"]
[ECO "A16"]
[Time "23:31:14"]
[TimeControl "2700+45"]

1. c4 Nf6 2. Nc3 d5 3. cxd5 Nxd5 4. Nf3 Nxc3 5. bxc3 Nc6 6. d4 g6 7. d5 Nb8 8.
Qd4 Rg8 9. e4 Bg7 10. Qd3 Nd7 11. Bf4 Nf6 12. Rb1 Nxe4 13. Qxe4 Bf5 14. Qa4+ Kf8
15. Rc1 Qxd5 16. Be2 Qc5 17. Qb4 Qc6 18. O-O a5 19. Qa3 {Black resigns} 1-0

[Event "Team 45 45 League T70"]
[Site "Internet Chess Club"]
[Date "2016.09.25"]
[Round "3"]
[White "arnav07"]
[Black "Constrictor"]
[Result "1/2-1/2"]
[WhiteElo "1520"]
[BlackElo "1537"]
[Opening "Caro-Kann: advance variation"]
[ECO "B12"]
[Time "17:04:37"]
[TimeControl "2700+45"]

1. e4 c6 2. d4 d5 3. e5 Bf5 4. Nf3 e6 5. Be2 Ne7 6. O-O Nd7 7. Nbd2 Bg6 8. Nh4
Nf5 9. Nxf5 Bxf5 10. Nf3 Be7 11. Be3 O-O 12. Bd3 Bxd3 13. Qxd3 a6 14. Rfe1 c5
15. c3 Rc8 16. Rac1 Nb6 17. Nd2 c4 18. Qc2 Nd7 19. Nf3 b5 20. Qd2 a5 21. Bg5
Bxg5 22. Nxg5 b4 23. Nf3 Qe7 24. Qg5 Qxg5 25. Nxg5 Ra8 26. Rb1 Nb6 27. Rec1 Rfb8
28. Nf3 Nd7 29. a3 Nf8 30. g3 b3 {Game drawn by mutual agreement} 1/2-1/2

[Event "Team 45 45 League T70"]
[Site "Internet Chess Club"]
[Date "2016.09.25"]
[Round "3"]
[White "santiagoelawad"]
[Black "lacibacsi"]
[Result "1/2-1/2"]
[WhiteElo "2051"]
[BlackElo "2050"]
[Opening "King's Indian: fianchetto, Panno variation"]
[ECO "E63"]
[Time "15:38:09"]
[TimeControl "2700+45"]

1. c4 Nf6 2. Nc3 g6 3. Nf3 Bg7 4. g3 O-O 5. Bg2 d6 6. O-O Nc6 7. d4 a6 8. b3 Rb8
9. Qd3 b5 10. cxb5 axb5 11. Nxb5 Ba6 12. a4 Na7 13. Qc2 Nxb5 14. axb5 Bxb5 15.
Rd1 e6 {Game drawn by mutual agreement} 1/2-1/2

[Event "Team 45 45 League T70"]
[Site "Internet Chess Club"]
[Date "2016.09.25"]
[Round "3"]
[White "Tobiasdelmonte"]
[Black "Portola"]
[Result "1-0"]
[WhiteElo "1682"]
[BlackElo "1726"]
[Opening "Catalan: closed, 6...Nbd7"]
[ECO "E07"]
[Time "20:00:29"]
[TimeControl "2700+45"]

1. Nf3 d5 2. d4 Nf6 3. c4 e6 4. g3 Be7 5. Bg2 O-O 6. O-O Nbd7 7. Nbd2 b6 8. cxd5
exd5 9. b3 Bb7 10. Bb2 c5 11. e3 Qc7 12. Rc1 Rac8 13. Ng5 h6 14. Nh3 Qb8 15. Nf4
Qa8 16. Re1 Rfe8 17. Qf3 Rc7 18. h4 Rec8 19. Qe2 Bf8 20. h5 cxd4 21. Rxc7 Rxc7
22. Bxd4 Rc2 23. Qd3 Qc8 24. a4 Bb4 25. Rd1 Rc1 26. Nf1 Rc2 27. Bxf6 Nxf6 28.
Bxd5 Bxd5 29. Nxd5 Nxd5 30. Qxd5 Qg4 31. Rd4 Qe2 32. Rf4 Rc1 33. Qxf7+ Kh8 34.
Qe8+ Kh7 35. Qe4+ Kh8 36. Qg2 Bc5 37. b4 Bd6 38. Rd4 Bc7 39. g4 Qa2 40. Qa8+ Kh7
41. Qe4+ Kh8 42. Qe8+ Kh7 43. Qg6+ Kh8 44. Re4 Bh2+ 45. Kg2 Qd5 46. Kxh2 Rc8 47.
Re8+ Rxe8 48. Qxe8+ Kh7 49. Qg6+ Kg8 50. Ng3 Qd2 51. Ne4 Qb2 52. Qe6+ Kh7 53. g5
{Black resigns} 1-0

[Event "Team 45 45 League T70"]
[Site "Internet Chess Club"]
[Date "2016.09.25"]
[Round "3"]
[White "armand068new"]
[Black "JPSVI"]
[Result "0-1"]
[WhiteElo "1543"]
[BlackElo "1755"]
[Opening "Dutch"]
[ECO "A80"]
[Time "23:00:30"]
[TimeControl "2700+45"]

1. d4 f5 2. e3 Nf6 3. Nf3 g6 4. c4 Bg7 5. Nc3 d6 6. Bd3 O-O 7. O-O Nc6 8. a3 e5
9. Bc2 e4 10. Nd2 Bd7 11. b4 Qe7 12. Bb3 Kh8 13. Nb5 f4 14. exf4 e3 15. fxe3
Qxe3+ 16. Kh1 Nxd4 17. Nxd4 Qxd4 18. Rb1 Ng4 19. Qf3 Ne3 20. Rf2 Qd3 21. Ba2
Rae8 22. Nf1 Bg4 23. Qg3 Nd1 24. Rbb2 Nxb2 25. Bxb2 Qxg3 26. Bxg7+ Kxg7 27. Nxg3
Re1+ 28. Rf1 Rxf1+ 29. Nxf1 Rxf4 30. Ng3 c6 31. h3 Be6 32. Kg1 Bxc4 33. Bxc4
Rxc4 34. Ne2 d5 35. Kf2 d4 36. Nf4 Rc3 37. Ke2 Rxa3 38. Ne6+ Kf6 39. Nxd4 a5 40.
bxa5 Rxa5 41. Kd3 Rd5 42. Kc4 Rd8 {White resigns} 0-1

[Event "Team 45 45 League T70"]
[Site "Internet Chess Club"]
[Date "2016.09.24"]
[Round "3"]
[White "fireball"]
[Black "drsigmund1"]
[Result "1/2-1/2"]
[WhiteElo "1699"]
[BlackElo "1481"]
[Opening "French: Tarrasch, closed variation"]
[ECO "C05"]
[Time "09:10:06"]
[TimeControl "2700+45"]

1. e4 e6 2. d4 d5 3. Nd2 Nf6 4. e5 Nfd7 5. Bd3 c5 6. c3 Nc6 7. Ngf3 Be7 8. O-O
Qc7 9. Re1 Qb6 10. Qb3 O-O 11. Qxb6 Nxb6 12. Nf1 Bd7 13. Ng3 cxd4 14. cxd4 Nb4
15. Bb1 Rac8 16. a3 Nc2 17. Bxc2 Rxc2 18. Re2 Rfc8 19. Rxc2 Rxc2 20. Kf1 Bb5+
21. Ke1 Na4 22. b3 Nb2 23. Bxb2 Rxb2 24. b4 Rc2 {Game drawn by mutual agreement}
1/2-1/2

[Event "Team 45 45 League T70"]
[Site "Internet Chess Club"]
[Date "2016.09.22"]
[Round "3"]
[White "NashGames"]
[Black "f5"]
[Result "1-0"]
[WhiteElo "2137"]
[BlackElo "2050"]
[Opening "Sicilian: accelerated fianchetto, modern variation"]
[ECO "B34"]
[Time "23:18:16"]
[TimeControl "2700+45"]

1. e4 c5 2. Ne2 Nc6 3. Nbc3 g6 4. d4 cxd4 5. Nxd4 Bg7 6. Be3 Nf6 7. f3 O-O 8.
Bc4 Qb6 9. Bb3 Nxe4 10. Nd5 Qa5+ 11. c3 Nc5 12. Nxc6 dxc6 13. Nxe7+ Kh8 14. Nxc8
Raxc8 15. O-O Rcd8 16. Qe2 Rde8 17. Rfd1 Nxb3 18. axb3 Qe5 19. Re1 a6 20. b4 Re6
21. Qc4 Rfe8 22. Rad1 Qf5 23. Kf2 Qf6 24. Rd7 R6e7 25. Rxb7 Rxb7 26. Bg5 Qxg5
27. Rxe8+ Bf8 28. Rxf8+ Kg7 29. Re8 Rd7 30. Re2 Rd6 31. g3 Qh5 32. h4 Qf5 33. g4
Qf6 34. g5 Qd8 35. Qxa6 h6 36. Qa5 Qd7 37. gxh6+ Kxh6 38. Qg5+ Kg7 39. Qe7 Qxe7
40. Rxe7 Kf6 41. Rc7 Ke6 42. c4 Rd2+ 43. Ke3 Rxb2 44. Rxc6+ Ke5 45. b5 Rb3+ 46.
Kf2 f6 47. b6 g5 48. h5 f5 49. h6 Kf4 50. h7 Rb2+ 51. Ke1 {Black resigns} 1-0

[Event "Team 45 45 League T70"]
[Site "Internet Chess Club"]
[Date "2016.09.23"]
[Round "3"]
[White "santiagoelawad"]
[Black "Agarnez"]
[Result "1/2-1/2"]
[WhiteElo "2051"]
[BlackElo "2025"]
[Opening "QGD: 4.Nf3"]
[ECO "D37"]
[Time "23:49:19"]
[TimeControl "2700+45"]

1. c4 e6 2. Nc3 d5 3. d4 Nf6 4. Nf3 Nbd7 5. Bg5 h6 6. Bh4 Bb4 7. a3 Bxc3+ 8.
bxc3 c5 9. e3 Qa5 10. Qb3 cxd4 11. exd4 O-O 12. Bd3 dxc4 13. Bxc4 Nd5 14. Bxd5
Qxd5 15. Qxd5 exd5 16. O-O Nb6 17. Rfe1 Be6 18. Ne5 Rfc8 19. Rec1 Na4 20. f3
Rxc3 21. Be1 Rxc1 22. Rxc1 Rc8 23. Rxc8+ Bxc8 24. Kf2 Kf8 25. Bb4+ Ke8 26. Ke3
Bf5 27. Kf4 Bb1 28. Ng4 f6 29. Ne3 Nb2 30. Bc3 Nc4 31. Nxc4 dxc4 32. Ke3 b6 33.
d5 Kd7 34. Kd4 Bd3 35. Bb4 g6 36. Bf8 h5 37. f4 Bf1 {Game drawn by mutual
agreement} 1/2-1/2

[Event "Team 45 45 League T70"]
[Site "Internet Chess Club"]
[Date "2016.09.26"]
[Round "3"]
[White "roji"]
[Black "primerpaso"]
[Result "0-1"]
[WhiteElo "1848"]
[BlackElo "1838"]
[Opening "Queen's pawn: London system"]
[ECO "A45"]
[Time "20:10:28"]
[TimeControl "2700+45"]

1. d4 Nf6 2. Bf4 e6 3. e3 c5 4. c3 Nc6 5. Nf3 Be7 6. Nbd2 O-O 7. Bd3 d5 8. Ne5
Nd7 9. Bxh7+ Kxh7 10. Qh5+ Kg8 11. Ndf3 Nf6 12. Qh3 Nxe5 13. dxe5 Ne4 14. Qg4 f5
15. Qh3 Qe8 16. g4 Qb5 17. g5 Qe8 18. Rg1 Qg6 19. Qg2 Bd7 20. h4 Kf7 21. O-O-O
Rh8 22. Rh1 Rh5 23. Rh3 Bc6 24. Qh2 Rah8 25. Ng1 c4 26. Ne2 Qh7 27. Bg3 Bxg5 28.
Nf4 Bxf4 29. exf4 Nc5 30. f3 Qg8 31. Qg1 Nd3+ 32. Rxd3 cxd3 33. Qd4 Qc8 34. Qxd3
Rd8 35. Bf2 b6 36. Rh1 Qd7 37. Qf1 Bb5 38. Qg2 g6 39. Rg1 Rg8 40. b3 Qe7 41. Kb2
Rh6 42. Be1 Bc6 43. a3 Rg7 44. Qf1 Rxh4 45. Bxh4 Qxh4 46. Qc1 Qf2+ 47. Ka1 Qxf3
48. a4 Rh7 49. Rf1 Qg2 50. Rg1 Qf2 51. Rf1 Qc5 52. Rd1 Rh3 53. Kb2 Qe3 54. Rd2
Qxf4 55. Qe1 Re3 56. Qh1 Qxe5 57. Rc2 b5 58. Qh7+ Qg7 59. Qh2 e5 60. axb5 Bxb5
61. Qd2 Rd3 62. Qf2 Kg8 63. Qc5 Qd7 64. c4 dxc4 65. bxc4 Qd4+ 66. Qxd4 Rxd4
{White resigns} 0-1

[Event "Team 45 45 League T70"]
[Site "Internet Chess Club"]
[Date "2016.09.25"]
[Round "3"]
[White "JJ12"]
[Black "Jack-ONeill"]
[Result "1-0"]
[WhiteElo "2198"]
[BlackElo "2049"]
[Opening "French: Tarrasch, open variation, main line"]
[ECO "C09"]
[Time "13:32:25"]
[TimeControl "2700+45"]

1. e4 e6 2. d4 d5 3. Nd2 c5 4. exd5 exd5 5. Ngf3 Nc6 6. Bb5 Bd6 7. dxc5 Bxc5 8.
O-O Ne7 9. Nb3 Bd6 10. h3 O-O 11. c3 Bf5 12. Be3 a6 13. Bd3 Re8 14. Re1 h6 15.
Qc2 Bxd3 16. Qxd3 Qc7 17. Rad1 Rad8 18. Nbd4 Ne5 19. Nxe5 Bxe5 20. Nf3 Bd6 21.
Rd2 Ng6 22. Red1 Bf4 23. Bxf4 Nxf4 24. Qf1 Qc8 25. Kh2 Qf5 26. Nd4 Qc8 27. g3
Nh5 28. Nc2 Nf6 29. Ne3 Qc5 30. Qg2 Re5 31. Rd4 b5 32. Qf3 Kh8 33. Kg2 Kg8 34.
R1d3 Kh8 35. Rf4 Qb6 36. Nf5 Kh7 37. Rh4 Re4 38. g4 Qe6 39. Nd4 Qd7 40. Nf5 Qe6
41. Qg3 Re2 42. Nd4 Qe4+ 43. Rf3 Qe5 44. Nxe2 Qxe2 45. g5 Ne4 46. Qf4 Nd2 47.
Rxh6+ gxh6 48. Qxf7+ Kh8 49. Qf6+ {Black resigns} 1-0

[Event "Team 45 45 League T70"]
[Site "Internet Chess Club"]
[Date "2016.09.25"]
[Round "3"]
[White "Ptzz"]
[Black "Monterrey"]
[Result "0-1"]
[WhiteElo "1991"]
[BlackElo "2033"]
[Opening "English: closed system (without ...d6)"]
[ECO "A26"]
[Time "13:01:01"]
[TimeControl "2700+45"]

1. c4 e5 2. g3 Nc6 3. Bg2 g6 4. Nc3 Bg7 5. d3 f5 6. e4 d6 7. Nge2 Nge7 8. O-O
Be6 9. Nd5 h6 10. Rb1 Qd7 11. b4 O-O 12. b5 Nd8 13. Be3 Nc8 14. a4 c6 15. Nb4
Ne7 16. f4 Nf7 17. Kh1 fxe4 18. Bxe4 d5 19. cxd5 cxd5 20. Bg2 d4 21. Bd2 Bh3 22.
Qb3 Bxg2+ 23. Kxg2 Kh7 24. Rbc1 Rae8 25. Rc5 b6 26. Rc2 Qg4 27. Ng1 exf4 28.
Bxf4 Ne5 29. Rcf2 Qc8 30. h3 Nf5 31. Kh2 Ne3 32. Bxe3 dxe3 33. Rxf8 Rxf8 34. Rf4
g5 35. Re4 Rf2+ 36. Kh1 Nf3 {White resigns} 0-1

[Event "Team 45 45 League T70"]
[Site "Internet Chess Club"]
[Date "2016.09.25"]
[Round "3"]
[White "LiangLiang"]
[Black "Holgate"]
[Result "0-1"]
[WhiteElo "1931"]
[BlackElo "2017"]
[Opening "Sicilian: accelerated fianchetto, modern variation with Bc4"]
[ECO "B35"]
[Time "16:01:03"]
[TimeControl "2700+45"]

1. e4 c5 2. Nf3 Nc6 3. d4 cxd4 4. Nxd4 g6 5. Nc3 Bg7 6. Be3 Nf6 7. Bc4 Qa5 8.
Nxc6 bxc6 9. O-O O-O 10. f3 Rd8 11. Qd2 d5 12. Bd3 dxe4 13. Nxe4 Qxd2 14. Nxf6+
Bxf6 15. Bxd2 Bxb2 16. Rab1 Bd4+ 17. Kh1 Be6 18. Rb7 Bxa2 19. Rxe7 Be6 20. Ba5
Rd5 21. Bd2 Bb6 22. Re1 Rd7 23. Rxd7 Bxd7 24. Bc4 Re8 25. Rxe8+ Bxe8 26. Ba6 f6
27. g4 Kf7 28. Kg2 Bd7 29. h4 f5 30. gxf5 Bxf5 31. c4 Bd8 32. Kg3 Ke6 33. Be3
Kd6 34. Bxa7 Ba5 35. Bf2 Bb4 36. Kf4 Bc5 37. Be1 Kc7 38. Ba5+ Kb8 39. h5 Ka7 40.
Bb5 cxb5 41. cxb5 Bb6 42. Bd2 Bc5 43. Ba5 Bd3 44. hxg6 hxg6 45. Kg5 Bb6 {White
resigns} 0-1

[Event "Team 45 45 League T70"]
[Site "Internet Chess Club"]
[Date "2016.09.23"]
[Round "3"]
[White "Tobiasdelmonte"]
[Black "Capt-Morgan"]
[Result "0-1"]
[WhiteElo "1662"]
[BlackElo "1924"]
[Opening "King's Indian: London system"]
[ECO "A48"]
[Time "22:00:15"]
[TimeControl "2700+45"]

1. d4 Nf6 2. Nf3 g6 3. Bf4 Bg7 4. e3 b6 5. Be2 Bb7 6. O-O O-O 7. c4 d6 8. Nc3
Nbd7 9. h3 a6 10. Re1 Re8 11. Rc1 e5 12. Bh2 Ne4 13. d5 Ndc5 14. b4 Nxc3 15.
Rxc3 Ne4 16. Rb3 f5 17. Bd3 Nf6 18. Bb1 c6 19. e4 cxd5 20. exf5 dxc4 21. Rc3 b5
22. fxg6 Nd5 23. gxh7+ Kh8 24. Ra3 Nxb4 25. Qd2 a5 26. Ng5 Re7 27. Bg6 Qd7 28.
f4 Nc6 29. fxe5 Bxe5 30. Rae3 Kg7 31. Bxe5+ dxe5 32. Qxd7 Rxd7 33. Bf5 Re7 34.
g4 Rd8 35. Ne6+ Rxe6 36. Bxe6 Kxh7 37. a4 Nd4 38. Rxe5 Nf3+ 39. Kf2 Nxe5 40.
Rxe5 Rd2+ 41. Ke1 c3 42. Rxb5 Be4 43. Rc5 Rd3 44. g5 Kg6 45. Ke2 c2 46. Rxc2 Rd6
47. Rc5 Rxe6 48. Rxa5 Bg2+ 49. Kd3 Bxh3 50. Kd4 Bf5 51. Re5 Ra6 52. a5 Kxg5 53.
Kc4 Kf6 54. Rc5 Ke6 55. Kb5 Bd3+ 56. Kb4 Kd6 57. Rc8 Kd7 58. Rc3 Rd6 59. Rc5 Ba6
60. Kb3 Rd3+ 61. Kb4 Rd4+ 62. Kc3 Rg4 63. Rd5+ Kc6 64. Re5 Bc8 65. Kb3 Kb7 66.
Rc5 Bd7 67. Ka3 Ka6 68. Rd5 Bb5 69. Rd8 Kxa5 70. Ra8+ Kb6 71. Rb8+ Kc5 72. Rc8+
Bc6 73. Kb3 Rg3+ 74. Kc2 Rh3 75. Kd2 Kd6 76. Rd8+ Ke5 77. Rd3 Rh2+ 78. Kc3 Be4
79. Rd8 Rc2+ 80. Kb3 Rc7 81. Kb4 Bd5 82. Rh8 Kd4 83. Rh4+ Be4 84. Kb5 Rb7+ 85.
Ka6 Rb2 86. Ka5 Kd3 87. Rh8 Bc6 88. Rh4 Kc3 89. Rh3+ Kc4 90. Rh4+ Kc5 91. Rh5+
Bd5 92. Rh4 Rb5+ 93. Ka4 Bb3+ 94. Ka3 Bc4 95. Rh5+ Bd5 96. Rh4 Rb3+ 97. Ka4 Rd3
98. Rf4 Bc6+ {White resigns} 0-1

[Event "Team 45 45 League T70"]
[Site "Internet Chess Club"]
[Date "2016.09.26"]
[Round "3"]
[White "zepled37"]
[Black "Goli"]
[Result "0-1"]
[WhiteElo "1680"]
[BlackElo "1771"]
[Opening "Pirc: classical, h3 system"]
[ECO "B06"]
[Time "18:32:06"]
[TimeControl "2700+45"]

1. e4 g6 2. d4 Bg7 3. Nf3 d6 4. Nc3 Nf6 5. h3 O-O 6. Be3 Nbd7 7. Be2 c6 8. a4
Qa5 9. O-O h6 10. Qd2 Kh7 11. Rfe1 Rg8 12. Nh2 Qc7 13. Bc4 e6 14. Bd3 a5 15.
Rad1 e5 16. Nf3 Nh5 17. g4 exd4 18. Bxd4 Bxd4 19. Nxd4 Ng7 20. Qf4 Ne5 21. Bf1
Qb6 22. b3 Qc5 23. Nce2 Ne6 24. Qc1 b5 25. Bg2 bxa4 26. bxa4 Ba6 27. Nxe6 fxe6
28. Nf4 Bc4 29. Nd3 Bxd3 30. Rxd3 Nxd3 31. cxd3 Qxc1 32. Rxc1 Rac8 33. d4 c5 34.
dxc5 Rxc5 35. Rd1 Rd8 36. Bf1 d5 37. exd5 exd5 38. Rd4 Kg7 39. Kg2 Kf6 40. f4
Rb8 41. Bb5 Rb6 42. Kf3 Re6 43. h4 Re1 44. g5+ hxg5 45. hxg5+ Kf7 46. Kf2 Re7
47. Bd3 Rb7 48. Bb5 Rbxb5 49. axb5 Rxb5 50. Ke3 Ke6 51. Ra4 Kf5 52. Rd4 Ke6 53.
Ra4 Kd6 54. Kd3 Rc5 55. Ke3 Rc3+ 56. Kd2 Rc5 57. Ke3 Ke6 58. Kf3 Kf5 59. Rd4
Rc3+ 60. Ke2 Ra3 61. Rxd5+ Kxf4 62. Kd2 a4 63. Ra5 Ra2+ 64. Kc1 a3 65. Kb1 Rg2
66. Ra4+ Kxg5 67. Rxa3 Re2 68. Kc1 Kf4 69. Kd1 Re4 70. Rb3 g5 71. Kd2 g4 72. Rb8
Kf3 73. Rb3+ Kf2 74. Rb8 Rf4 75. Kd1 g3 76. Rb2+ Kf1 77. Kd2 Rf2+ {White
resigns} 0-1

[Event "Team 45 45 League T70"]
[Site "Internet Chess Club"]
[Date "2016.09.24"]
[Round "3"]
[White "julesraider"]
[Black "justice02"]
[Result "0-1"]
[WhiteElo "1584"]
[BlackElo "1687"]
[Opening "Grünfeld: modern exchange variation"]
[ECO "D85"]
[Time "22:00:18"]
[TimeControl "2700+45"]

1. d4 Nf6 2. c4 d5 3. Nc3 g6 4. cxd5 Nxd5 5. e4 Nxc3 6. bxc3 Bg7 7. Nf3 Nc6 8.
Rb1 a6 9. d5 Bxc3+ 10. Bd2 Bxd2+ 11. Qxd2 Nb8 12. Qc3 O-O 13. h4 h5 14. Be2 c6
15. Bc4 b5 16. Bb3 cxd5 17. Bxd5 Ra7 18. Qe3 Qa5+ 19. Kf1 Rc7 20. Qh6 Qc3 21.
Qxg6+ Qg7 22. Qb6 Qc3 23. Qg6+ Qg7 24. Qb6 Rd7 25. Qxb8 Rxd5 26. exd5 Bf5 27.
Qa7 Bxb1 28. Qxa6 Qb2 29. Qh6 Bg6 30. g4 hxg4 31. Ng5 Qxa2 32. h5 Bd3+ 33. Kg1
Qxd5 34. Rh4 Ra8 35. Rxg4 Ra1+ 36. Kh2 Qh1+ 37. Kg3 Rg1+ 38. Kf4 e5+ 39. Ke3
Rxg4 40. Kxd3 Qd1+ 41. Ke3 Qc1+ 42. Kf3 Rxg5 43. Qa6 b4 44. Qa8+ Kg7 45. h6+
Kxh6 46. Qh8+ Kg6 47. Qg8+ Kf6 48. Qh8+ Ke7 49. Qb8 Qc3+ 50. Ke2 b3 51. Qb7+ Kf8
52. Qb6 Rg1 53. Qh6+ Kg8 54. Qh2 Re1# {White checkmated} 0-1

[Event "Team 45 45 League T70"]
[Site "Internet Chess Club"]
[Date "2016.09.25"]
[Round "3"]
[White "bmw2002"]
[Black "AVEMARIA"]
[Result "1/2-1/2"]
[WhiteElo "1483"]
[BlackElo "1640"]
[Opening "English opening"]
[ECO "A20"]
[Time "06:09:47"]
[TimeControl "2700+45"]

1. c4 e5 2. g3 Nf6 3. Bg2 d5 4. cxd5 Nxd5 5. Nc3 Nb6 6. Nf3 Nc6 7. O-O Be7 8. d3
O-O 9. Be3 Be6 10. Rc1 Nd5 11. Nxd5 Bxd5 12. a3 Re8 13. Qa4 a6 14. Rfd1 Bf6 15.
Rd2 b5 16. Qc2 Rc8 17. Bh3 Rb8 18. Bc5 Na5 19. Rb1 Nb3 20. Rdd1 Nxc5 21. Qxc5
Bxf3 22. exf3 Be7 23. Qc2 Bd6 24. Bf5 g6 25. Be4 Qg5 26. Qd2 Qxd2 27. Rxd2 Kg7
28. d4 exd4 29. Rxd4 f5 30. Bd3 Re7 31. f4 Rb6 32. b4 c5 33. bxc5 Bxc5 34. Rd5
Bxa3 35. Bf1 Rd6 36. Rxd6 Bxd6 37. Ra1 b4 38. Rxa6 Bc5 39. Ra5 Bd4 40. Rb5 Bc3
41. Bg2 Re1+ 42. Bf1 Re7 {Game drawn by mutual agreement} 1/2-1/2

[Event "Team 45 45 League T70"]
[Site "Internet Chess Club"]
[Date "2016.09.25"]
[Round "3"]
[White "tightfist"]
[Black "GoIrish"]
[Result "0-1"]
[WhiteElo "1532"]
[BlackElo "1525"]
[Opening "English opening"]
[ECO "E90"]
[Time "20:01:42"]
[TimeControl "2700+45"]

1. Nf3 Nf6 2. c4 g6 3. Nc3 Bg7 4. d4 O-O 5. e4 d6 6. h3 e5 7. d5 Na6 8. Be3 Nc5
9. Bxc5 dxc5 10. Bd3 Ne8 11. O-O Nd6 12. Qb3 a6 13. a4 Qf6 14. Qa3 b6 15. b4
cxb4 16. Qxb4 Bxh3 17. c5 Nc8 18. Rfb1 Bg4 19. Nd2 Qg5 20. Nf1 f5 21. Be2 fxe4
22. Nxe4 Qf4 23. Bxg4 bxc5 24. Be6+ Kh8 25. Nxc5 Qxf2+ 26. Kh1 e4 27. Nxe4 Qh4+
28. Kg1 Nd6 29. g3 Qxe4 30. Qxe4 Nxe4 31. Ra3 Ng5 32. Bd7 Rab8 33. Rab3 Rxb3 34.
Rxb3 Bd4+ 35. Ne3 Rf3 36. Rb8+ Kg7 37. Re8 Rxe3 38. Rxe3 Bxe3+ 39. Kg2 a5 40.
Bb5 Kf6 41. Kf1 Ke5 42. Bc6 Ne4 43. Ke2 Bd4 44. Kf3 Nc3 45. g4 Nxd5 46. Be8 c5
47. Bf7 c4 48. Bg8 h6 49. Bh7 g5 50. Be4 c3 51. Bd3 Nb4 52. Ke2 Nxd3 53. Kxd3
Kd5 54. Kc2 Kc4 55. Kd1 Kb4 56. Kc2 Kxa4 57. Kc1 Kb3 58. Kb1 a4 59. Ka1 c2#
{White checkmated} 0-1

[Event "Team 45 45 League T70"]
[Site "Internet Chess Club"]
[Date "2016.09.26"]
[Round "3"]
[White "Packerfan"]
[Black "Elalfer"]
[Result "1-0"]
[WhiteElo "1691"]
[BlackElo "1629"]
[Opening "Sicilian: Alapin's variation (2.c3)"]
[ECO "B22"]
[Time "10:00:25"]
[TimeControl "2700+45"]

1. e4 c5 2. c3 Nc6 3. d4 cxd4 4. cxd4 e6 5. Nf3 Qb6 6. Nc3 d6 7. Be2 g6 8. O-O
Bg7 9. Be3 Qxb2 10. Nb5 Rb8 11. Nxd6+ Ke7 12. Nxc8+ Rxc8 13. Rb1 Qxa2 14. Rxb7+
Kf8 15. d5 {Black resigns} 1-0

[Event "Team 45 45 League T70"]
[Site "Internet Chess Club"]
[Date "2016.09.24"]
[Round "3"]
[White "cayo89"]
[Black "Lrn2Mate"]
[Result "1-0"]
[WhiteElo "1765"]
[BlackElo "1635"]
[Opening "Scandinavian (center counter) defense"]
[ECO "B01"]
[Time "08:30:39"]
[TimeControl "2700+45"]

1. e4 d5 2. exd5 Qxd5 3. Nf3 Nf6 4. Nc3 Qd8 5. d4 Bf5 6. Bd3 Bxd3 7. Qxd3 e6 8.
Qb5+ Nbd7 9. Qxb7 Bd6 10. O-O O-O 11. Re1 h6 12. Rb1 c5 13. Qc6 cxd4 14. Nxd4
Qb8 15. h3 Rc8 16. Qb5 Bb4 17. Qxb8 Raxb8 18. Bd2 Bxc3 19. bxc3 Nb6 20. Bf4 Ra8
21. Nb5 Nfd5 22. Be5 Nc4 23. Bg3 a6 24. Nd6 Nxd6 25. Bxd6 Rxc3 26. Rb2 Rac8 27.
Re2 R3c6 28. Be5 f6 29. Bd4 Kf7 30. Rb7+ R8c7 31. Rxc7+ Rxc7 32. Kf1 e5 33. Ba1
Ke6 34. g3 Kf7 35. Ke1 g6 36. Kd2 h5 37. Re4 Rd7 38. Kc1 Rc7 39. Ra4 Rc6 40. c3
Nxc3 41. Bxc3 Rxc3+ 42. Kd2 Rc6 43. Ra5 Ke6 44. f3 Kf5 45. Ra4 g5 46. Ke3 Kg6
47. Ke4 Rd6 48. g4 hxg4 49. hxg4 Rc6 50. Rb4 Rd6 51. a4 a5 52. Rc4 Rb6 53. Kd3
Kf7 54. Rc5 Ra6 55. Ke4 Ke6 56. Rb5 Rc6 57. Rxa5 Rc4+ 58. Kd3 Rf4 59. Ke3 Kd6
60. Ra6+ Kd5 61. a5 Kc5 62. Re6 Kd5 63. Ra6 Kc5 64. Rb6 f5 65. gxf5 Rxf5 66. Rg6
Kd5 67. a6 Rf4 68. a7 Ra4 69. Rg7 Ra3+ 70. Kf2 Ra2+ 71. Ke3 Ra3+ 72. Kd2 e4 73.
Rxg5+ Kd4 74. fxe4 Ra2+ 75. Kc1 Kxe4 76. Rg7 Kd5 77. Kb1 Ra5 78. Rg5+ {Black
resigns} 1-0

[Event "Team 45 45 League T70"]
[Site "Internet Chess Club"]
[Date "2016.09.26"]
[Round "3"]
[White "clarinetref"]
[Black "Pawnchain"]
[Result "1-0"]
[WhiteElo "1633"]
[BlackElo "1467"]
[Opening "Réti: King's Indian attack (Barcza system)"]
[ECO "A07"]
[Time "08:08:24"]
[TimeControl "2700+45"]

1. Nf3 d5 2. g3 Nf6 3. Bg2 e6 4. O-O Be7 5. d3 Nbd7 6. Nbd2 O-O 7. e4 dxe4 8.
dxe4 h6 9. Re1 e5 10. Nc4 Bc5 11. Ncxe5 Nxe5 12. Nxe5 Qxd1 13. Rxd1 Re8 14. Nd3
Bb6 15. e5 Ng4 16. Re1 Bf5 17. h3 Bxd3 18. hxg4 Ba6 19. b3 Bd4 20. Rb1 Bxe5 21.
c4 Rad8 22. Be3 Bd6 23. g5 hxg5 24. Bxg5 Rxe1+ 25. Rxe1 f6 26. Bd5+ {Black
resigns} 1-0

[Event "Team 45 45 League T70"]
[Site "Internet Chess Club"]
[Date "2016.09.27"]
[Round "3"]
[White "scostanzo212"]
[Black "kutch"]
[Result "1-0"]
[WhiteElo "1536"]
[BlackElo "1485"]
[Opening "QGD semi-Slav: Stoltz variation"]
[ECO "D45"]
[Time "20:00:42"]
[TimeControl "2700+45"]

1. d4 d5 2. c4 c6 3. Nf3 Nf6 4. Nc3 e6 5. e3 Nbd7 6. Qc2 Bd6 7. g4 h6 8. Bd2 e5
9. dxe5 Nxe5 10. Nxe5 Bxe5 11. h3 Be6 12. Bg2 dxc4 13. O-O-O Qc7 14. f4 Bd6 15.
f5 Bd7 16. e4 O-O-O 17. Be3 Kb8 18. Rd2 Be5 19. Ne2 Qa5 20. Qxc4 Rhf8 21. Rhd1
Qc7 22. Kb1 Bc8 23. Rxd8 Rxd8 24. Rxd8 Qxd8 25. Qc2 Qd7 26. Qd2 b6 27. Qxd7 Bxd7
28. Bf4 Bxf4 29. Nxf4 Kc7 30. e5 Ng8 31. b4 Ne7 32. Kc2 g6 33. f6 Nc8 34. Bf1 b5
35. Nd3 Nb6 36. Nc5 Kd8 37. a3 Nd5 38. Kd3 Nf4+ 39. Ke4 Ne6 40. Nxe6+ Bxe6 41.
Kd4 Kc7 42. Kc5 Bd7 43. Bg2 Be8 44. Be4 Bd7 45. Bxg6 Be6 46. Bf5 Bxf5 47. gxf5
Kd7 48. h4 h5 49. Kd4 Ke8 50. e6 fxe6 51. fxe6 Kd8 52. Ke5 Ke8 53. Kd6 {Black
resigns} 1-0